 Dungeon Crawl Stone Soup version 0.30.0 (webtiles) character file.

Game seed: 11377320538102051744

2142 Dadi the Fighter (level 9, -4/61 HPs)
             Began as a Gargoyle Monk on May 6, 2023.
             Was an Elder of Okawaru.
             Slain by a boulder beetle (41 damage)
             ... on level 7 of the Dungeon.
             The game lasted 00:17:54 (7494 turns).

Dadi the Fighter (Gargoyle Monk)                    Turns: 7494, Time: 00:17:54

Health: -4/61      AC: 15    Str: 19    XL:     9   Next: 30%
Magic:  11/11      EV: 11    Int: 11    God:    Okawaru [****..]
Gold:   287        SH:  3    Dex: 12    Spells: 8/8 levels left

rFire   . . .        d - +0 flail
rCold   . . .        t - +0 buckler
rNeg    + . .        o - +0 ring mail
rPois   ∞            q - +0 helmet
rElec   +            x - +0 cloak
rCorr   +            (no gloves)
SInv    +            l - +1 pair of boots
Will    .....        n - amulet of faith
Stlth   +            j - ring of resist corrosion
HPRegen 0.30/turn    s - ring of see invisible
MPRegen 0.12/turn

%: faith
@: no status effects
A: sickness immunity, AC +6, negative energy resistance 1, electricity
resistance, torment resistance 1, petrification resistance, mutation resistance
1
a: Renounce Religion, Heroism, Finesse


You were on level 7 of the Dungeon.
You worshipped Okawaru.
Okawaru was greatly pleased with you.
You visited 2 branches of the dungeon, and saw 8 of its levels.

You collected 287 gold pieces.

Inventory:

Hand Weapons
 a - a +1 mace
 d - a +0 flail (weapon)
Armour
 l - a +1 pair of boots (worn)
 o - a +0 ring mail (worn)
 q - a +0 helmet (worn)
 t - a +0 buckler (worn)
 x - a +0 cloak (worn)
Jewellery
 j - a ring of resist corrosion (left hand)
 n - an amulet of faith (around neck)
 s - a ring of see invisible (right hand)
Wands
 i - a wand of iceblast (22)
Scrolls
 f - 2 scrolls of amnesia
 m - 3 scrolls of fog
 p - 2 scrolls of teleportation
 r - a scroll of poison
 y - 2 scrolls of identify
 A - a scroll of enchant weapon
 B - 2 scrolls of blinking
Potions
 b - 3 potions of cancellation
 c - 2 potions of ambrosia
 e - 2 potions of brilliance
 g - 4 potions of curing
 h - 2 potions of heal wounds {unknown}
 k - a potion of degeneration {unknown}
 u - a potion of mutation
 v - 2 potions of might {unknown}
 w - 2 potions of lignification {unknown}
 z - a potion of flight {unknown}


   Skills:
 + Level 9.4 Fighting
 + Level 8.6 Maces & Flails
 - Level 2.4 Dodging
 + Level 3.8 Invocations


You had 8 spell levels left.
You didn't know any spells.
Your spell library contained the following spells:

 Spells                   Type           Power      Damage    Failure   Level
 Inner Flame              Hex/Fire       0%         N/A       94%         3
 Portal Projectile        Hex/Tloc       0%         N/A       94%         3
 Blade Hands              Tmut           0%         N/A       100%        5
 Yara's Violent Unravell  Hex/Tmut       0%         3d3       100%        5
 Enfeeble                 Hex            0%         N/A       100%        7
 Tukima's Dance           Hex            Unusable   N/A       N/A         3

Dungeon Overview and Level Annotations

Branches:
Dungeon (7/15)             Temple (1/1) D:5

Altars:
Ashenzari
Cheibriados
Dithmenos
Elyvilon
Fedhas
Gozag
Hepliaklqana
Kikubaaqudgha
Makhleb
Nemelex Xobeh
Okawaru
Qazlal
Ru
Sif Muna
Trog
Uskayaw
Vehumet
Wu Jian
Xom
Yredelemnul
Zin
The Shining One

Shops:
D:5 =


Innate Abilities, Weirdness & Mutations

You are immune to sickness and miasma.
Your stone body is resilient. (AC +6)
You are immune to poison.
You resist negative energy. (rN+)
You are resistant to electric shocks. (rElec)
You are resistant to unholy torment.
You are immune to petrification.
You are somewhat resistant to further mutation.


Message History

The shadow is moderately damaged.
The shadow hits you.
You thump the shadow!
The shadow is heavily damaged.
You block the shadow's attack.
You barely miss the shadow.
The shadow is heavily damaged.
The shadow slips into darkness.
The shadow flickers and vanishes for a moment.
You hit the shadow.
The shadow is severely damaged.
The shadow closely misses you.
You sock the shadow!
You destroy the shadow!
Okawaru accepts your kill.
No target in view!
f - 2 scrolls of amnesia (gained 1)
Found a stone staircase leading up.
A black bear comes into view.
Found a manual of Polearms.
The black bear growls angrily.
A boulder beetle comes into view.
The boulder beetle curls into a ball and begins rolling!
The boulder beetle attacks as you move away!
The boulder beetle hits you!
The boulder beetle stops rolling and uncurls.
The boulder beetle waves its antennae.
You completely miss the boulder beetle.
The boulder beetle bites you but does no damage.
You hit the boulder beetle but do no damage.
The boulder beetle bites you!!
You barely miss the boulder beetle. The boulder beetle barely misses you.
The boulder beetle curls into a ball and begins rolling!
There is a stone staircase leading down here.
The black bear bites you but does no damage.
The black bear misses you.
The black bear claws you but does no damage.
The boulder beetle hits you!!!
Ouch! That really hurt!
You die...

### #.# #.# ########.###
#...........
######################.#####..##.
..................)..#.# #..##.
####################.#'#####..##.
'...............@....)........##.
#........######Bh.............##.
..............○...............##.
#............#......#.....##..##.
#....(.......'............##..##.
#............#....####........##.
#............##......#.....#..##.
.....###.###.........+........###
...... #.##..........#......#....


You could see a boulder beetle (rolling) and a black bear.

Vanquished Creatures
  A hornet (D:6)
  A shadow (D:7)
  An ice beast (D:6)
  2 phantoms
  The ghost of jehirs the Digger, an amateur GrEE (D:3)
  2 bullfrogs (D:6)
  3 scorpions (D:5)
  5 killer bees
  3 howler monkeys (D:5)
  6 hounds
  A gnoll bouda (D:3)
  3 orc priests
  A sleepcap (D:4)
  4 iguanas (D:5)
  An orc wizard (D:5)
  A mummy (D:5)
  Robin (D:2)
  10 gnolls
  10 adders
  A shadow imp (D:7)
  3 white imps
  2 ufetubi
  3 worms
  5 dart slugs
  20 orcs
  3 bats
  7 endoplasms
  3 giant cockroaches
  10 goblins
  6 hobgoblins
  4 jackals (D:3)
  7 kobolds
  5 quokkas
  4 ball pythons
  7 frilled lizards
  13 rats
160 creatures vanquished.

Vanquished Creatures (collateral kills)
  2 orcs (D:4)
2 creatures vanquished.

Vanquished Creatures (others)
  2 fungi (D:4)
2 creatures vanquished.

Grand Total: 164 creatures vanquished

Notes
Turn   | Place    | Note
-------+----------+-------------------------------------------
     0 | D:1      | Dadi the Gargoyle Monk began the quest for the Orb.
     0 | D:1      | Reached XP level 1. HP: 14/14 MP: 1/1
    73 | D:1      | Reached XP level 2. HP: 17/19 MP: 2/2
   390 | D:1      | Found a faded altar of an unknown god.
   602 | D:2      | Found a sacrificial altar of Ru.
   622 | D:2      | Reached XP level 3. HP: 22/24 MP: 3/3
   714 | D:2      | Reached skill level 4 in Fighting
  1016 | D:2      | Noticed Robin
  1290 | D:2      | Killed Robin
  1358 | D:2      | Reached XP level 4. HP: 30/30 MP: 4/4
  1835 | D:3      | Found an opulent altar of Gozag.
  1845 | D:3      | Reached XP level 5. HP: 30/34 MP: 5/5
  1893 | D:3      | Found a broken altar of Ashenzari.
  1966 | D:3      | Reached skill level 5 in Fighting
  2309 | D:3      | Found a large runed translucent door.
  2309 | D:3      | Found a large runed translucent door.
  2313 | D:3      | Noticed jehirs's ghost (amateur GrEE)
  2394 | D:3      | Killed jehirs's ghost
  2395 | D:3      | Reached skill level 5 in Maces & Flails
  2395 | D:3      | Reached XP level 6. HP: 41/41 MP: 6/6
  2434 | D:4      | Identified the staff of death "Muis" {Contam rPois rC+ rN+
                  | rCorr}
  2518 | D:4      | Found an ancient bone altar of Kikubaaqudgha.
  2780 | D:4      | Reached skill level 6 in Fighting
  3022 | D:4      | Reached XP level 7. HP: 17/47 MP: 7/7
  4071 | D:5      | Entered Level 5 of the Dungeon
  4084 | D:5      | Reached skill level 7 in Fighting
  4387 | D:5      | Found a staircase to the Ecumenical Temple.
  4402 | Temple   | Entered the Ecumenical Temple
  4420 | Temple   | Became a worshipper of Warmaster Okawaru
  4420 | Temple   | Reached * piety under Okawaru
  4420 | Temple   | Reached ** piety under Okawaru
  4540 | D:5      | Reached XP level 8. HP: 42/53 MP: 8/8
  4595 | D:5      | Found Sajef's Jewellery Boutique.
  5086 | D:5      | Reached skill level 8 in Fighting
  6169 | D:5      | Reached skill level 1 in Invocations
  6331 | D:6      | Reached *** piety under Okawaru
  6534 | D:6      | Gained mutation: You are somewhat resistant to further
                  | mutation. [potion of mutation]
  6689 | D:6      | Found a basalt altar of Yredelemnul.
  6695 | D:6      | Found a shimmering altar of Xom.
  6749 | D:6      | Reached skill level 9 in Fighting
  6917 | D:7      | Noticed a hornet
  6925 | D:6      | Reached XP level 9. HP: 48/60 MP: 9/11
  6977 | D:6      | Killed a hornet
  7273 | D:7      | Reached **** piety under Okawaru
  7479 | D:7      | Noticed a boulder beetle
  7494 | D:7      | Slain by a boulder beetle

Illustrated notes

Levels and vault maps discovered:
D:1:      roderic_dead_forest, layout_rooms, ebering_ecumenical_altar_hall,
          serial_park_tiny_2
D:2:      layout_loops_ring, basic_altar, dreamdust_wishing_well, uniq_robin
D:3:      layout_basic, grunt_temple_overflow_open, ebering_ghost_disaster_area
D:4:      minmay_wonky_spiral, layout_loops_corners, overflow_temple_1_default,
          portal_sewer_entry_b, dreamdust_gnoll_farm
D:5:      layout_basic, minmay_temple_entry_proselytizer, serial_shops, shop,
          gup_ossuary_entry_pyramid, hangedman_decor_points
D:6:      layout_basic, mainiacjoe_overflow_large_starburst
D:7:      layout_basic, minmay_manual_monstrance
Temple:   nicolae_temple_elliptical

Skill      XL: |  1  2  3  4  5  6  7  8  9 |
---------------+----------------------------+-----
Fighting       | 4 5 6 7 9 |  9.4
Maces & Flails | 4 5 6 8 |  8.6
Invocations    | 2 3 |  3.8
Dodging        | |  2.4

Action                     |  1- 3 |  4- 6 |  7- 9 || total
---------------------------+-------+-------+-------++-------
  Melee: Mace              |   102 |   217 |       ||   319
         Flail             |       |    65 |   354 ||   419
  Throw: Throwing net      |     1 |       |       ||     1
    Use: Scroll            |       |    12 |     4 ||    16
         Potion            |       |       |     1 ||     1
 Armour: Robe              |    10 |       |       ||    10
         Ring mail         |    34 |   205 |   218 ||   457
  Dodge: Dodged            |    71 |   203 |   183 ||   457
  Block: Buckler           |    11 |    56 |    54 ||   121
